 Dungeon Crawl Stone Soup version 0.21.0-3-g78d12a8 (console) character file.

1505 hilaritas the Carver (level 8, -3/48 HPs)
             Began as a Tengu Fighter on Jan 11, 2018.
             Was a Believer of Okawaru.
             Slain by buskinjo's ghost (10 damage)
             ... on level 6 of the Dungeon.
             The game lasted 00:12:58 (4785 turns).

hilaritas the Carver (Tengu Fighter)                Turns: 4785, Time: 00:12:59

Health: -3/48      AC: 15    Str: 18    XL:     8   Next: 82%
Magic:  10/10      EV:  5    Int: 10    God:    Okawaru [**....]
Gold:   217        SH: 12    Dex: 16    Spells: 6/7 levels left

rFire    . . .     SeeInvis .   a - +1 long sword
rCold    . . .     Gourm    .   k - +2 shield
rNeg     . . .     Faith    .   v - +5 chain mail "Zuamae" {rElec Regen+ rCorr Dex+3}
rPois    .         Spirit   .   (helmet restricted)
rElec    +         Reflect  .   g - +0 cloak
rCorr    +         Harm     .   (no gloves)
MR       .....                  (boots unavailable)
Stlth    ..........             (no amulet)
HPRegen  0.56/turn              s - ring of stealth
MPRegen  0.12/turn              (no ring)

@: no status effects
A: beak, talons 3, able to fly 1
a: Fly, Heroism, Renounce Religion


You were on level 6 of the Dungeon.
You worshipped Okawaru.
Okawaru was pleased with you.
You were hungry.

You visited 2 branches of the dungeon, and saw 7 of its levels.

You collected 217 gold pieces.

Inventory:

Hand Weapons
 a - a +1 long sword (weapon)
 l - a +2 short sword of protection
Missiles
 p - 4 javelins (quivered)
Armour
 g - a +0 cloak (worn)
 h - a +1 buckler of cold resistance
 k - a +2 shield (worn)
 v - the +5 chain mail "Zuamae" (worn) {rElec Regen+ rCorr Dex+3}
   (You took it off a gnoll on level 5 of the Dungeon)

   It affects your dexterity (+3).
   It insulates you from electricity.
   It increases your rate of regeneration.
   It protects you from acid and corrosion.
Jewellery
 j - an uncursed ring of fire
 s - a ring of stealth (left hand)
 t - an uncursed ring of ice
Scrolls
 n - 3 scrolls of fog
 q - 2 scrolls of teleportation
 u - 3 scrolls of remove curse
 y - 2 scrolls of enchant weapon
Potions
 b - a potion of brilliance
 c - a potion of invisibility
 d - 2 potions of degeneration {unknown}
 e - 3 potions of curing
 i - a potion of resistance {unknown}
 o - 3 potions of heal wounds {unknown}
 r - a potion of lignification {unknown}
 x - 3 potions of flight {unknown}
Books
 w - a book of Conjurations

   Spells                             Type                      Level
   a - Magic Dart                     Conjuration                  1
   b - Searing Ray                    Conjuration                  2
   c - Dazzling Spray                 Conjuration/Hexes            3
   d - Fulminant Prism                Conjuration/Hexes            4
   e - Force Lance                    Conjuration/Translocation    4
   f - Iskenderun's Mystic Blast      Conjuration                  4
 z - a book of Misfortune

   Spells                             Type                      Level
   a - Confusing Touch                Hexes                        1
   b - Confuse                        Hexes                        3
   c - Gell's Gravitas                Translocation                3
   d - Petrify                        Transmutation/Earth          4
   e - Metabolic Englaciation         Hexes/Ice                    5
   f - Yara's Violent Unravelling     Hexes/Transmutation          5
Comestibles
 f - 14 rations


   Skills:
 + Level 4.7 Fighting
 * Level 9.2 Long Blades
 - Level 3.2 Armour
 + Level 5.7 Shields
 * Level 2.5 Invocations


You had 6 spell levels left.
You knew the following spells:

 Your Spells              Type           Power        Failure   Level  Hunger
a - Summon Butterflies    Summ           #.......     100%        1    ##.....


Dungeon Overview and Level Annotations

Branches:
Dungeon (6/15)             Temple (1/1) D:4

Altars:
Cheibriados
Fedhas
Hepliaklqana
Kikubaaqudgha
Nemelex Xobeh
Okawaru
Qazlal
Sif Muna
Trog
Xom
The Shining One

Shops:
D:4 (

Annotations:
D:6 buskinjo's ghost, novice DsGl


Innate Abilities, Weirdness & Mutations

You have a beak for a mouth.
You have claws for feet.
You can fly.


Message History

You hit buskinjo's ghost but do no damage.
Buskinjo's ghost is almost destroyed.
Buskinjo's ghost hits you but does no damage.
You completely miss buskinjo's ghost.
Buskinjo's ghost is almost destroyed.
Buskinjo's ghost hits you.
You hit buskinjo's ghost but do no damage.
Your peck misses buskinjo's ghost.
Buskinjo's ghost is almost destroyed.
Buskinjo's ghost hits you.
You hit buskinjo's ghost but do no damage.
Your peck misses buskinjo's ghost.
Buskinjo's ghost is almost destroyed.
Buskinjo's ghost hits you!
* * * LOW HITPOINT WARNING * * *
x2 You closely miss buskinjo's ghost.
You peck buskinjo's ghost, but do no damage.
Buskinjo's ghost is almost destroyed.
Buskinjo's ghost hits you!
You die...

.... # #..# #.###..#
### .# ...#..####
..# .# ........#
#.#..#
#.#..##.###.#..#
#.#.W#.#.##.#..#
.####...@.###.....>#
.........## ##....##
######.#.###.#.###
#####.##.#.##.#
#.....###.###.#
#.##### ### #.#
####.## #.# ≈≈≈≈≈≈≈
#.# ≈≈≈≈≈≈≈ #.#
≈≈≈≈≈≈≈ #.# ≈≈≈≈≈≈≈
#.#


You could see buskinjo's ghost.

Vanquished Creatures
  The ghost of Patate the Chopper, an amateur HOFi (D:3)
  A sky beast (D:6)
  An orc warrior (D:6)
  2 ogres
  A phantom (D:6)
  3 scorpions
  3 howler monkeys
  A crimson imp (D:5)
  2 hounds
  7 orc wizards
  A centaur skeleton (D:5)
  A bullfrog skeleton (D:5)
  2 iguanas (D:4)
  3 worker ants
  7 gnolls (D:5)
  7 adders
  An ooze (D:2)
  2 leopard geckos
  12 orcs
  2 ball pythons
  9 bats
  6 giant cockroaches
  7 goblins
  4 hobgoblins
  2 kobolds
  A quokka (D:2)
  A frilled lizard (D:5)
  A leopard gecko skeleton (D:4)
  A quokka zombie (D:5)
  3 rats
95 creatures vanquished.

Notes
Turn   | Place    | Note
-------+----------+-------------------------------------------
     0 | D:1      | hilaritas the Tengu Fighter began the quest for the Orb.
     0 | D:1      | Reached XP level 1. HP: 14/14 MP: 2/2
   148 | D:1      | Reached XP level 2. HP: 19/19 MP: 3/3
   862 | D:2      | Reached XP level 3. HP: 23/23 MP: 4/4
   874 | D:2      | Reached skill level 3 in Long Blades
  1313 | D:2      | Found a shimmering altar of Xom.
  1452 | D:3      | Reached XP level 4. HP: 28/28 MP: 5/5
  1680 | D:3      | Noticed Patate's ghost (amateur HOFi)
  1692 | D:3      | Killed Patate's ghost
  1692 | D:3      | Reached skill level 4 in Long Blades
  1692 | D:3      | Gained mutation: You can fly. [Tengu growth]
  1692 | D:3      | Reached XP level 5. HP: 31/33 MP: 6/6
  1692 | D:3      | Reached XP level 6. HP: 36/38 MP: 7/7
  2045 | D:3      | Found a deep blue altar of Sif Muna.
  2057 | D:3      | Reached skill level 5 in Long Blades
  2066 | D:3      | Identified Sif Muna's Collected Works on Companions
  2075 | D:3      | Learned a level 1 spell: Summon Butterflies
  2351 | D:4      | Found Cuxuroh's Antique Weapon Boutique.
  2369 | D:4      | Found a staircase to the Ecumenical Temple.
  2374 | Temple   | Entered the Ecumenical Temple
  2443 | Temple   | Became a worshipper of Warmaster Okawaru
  2680 | D:4      | Reached * piety under Okawaru
  2680 | D:4      | Reached skill level 6 in Long Blades
  2680 | D:4      | Reached skill level 1 in Invocations
  2680 | D:4      | Reached XP level 7. HP: 27/43 MP: 8/8
  2698 | D:4      | HP: 4/43 [iguana (2)]
  2705 | D:4      | HP: 3/43 [poisoned by a scorpion]
  2713 | D:4      | HP: 2/43 [poisoned by a scorpion]
  3034 | D:4      | Reached skill level 5 in Shields
  3221 | D:5      | Entered Level 5 of the Dungeon
  3258 | D:5      | Reached skill level 7 in Long Blades
  3470 | D:5      | Reached XP level 8. HP: 23/48 MP: 10/10
  3660 | D:5      | Reached ** piety under Okawaru
  3669 | D:5      | Reached skill level 8 in Long Blades
  3996 | D:5      | Got a crude chain mail
  4009 | D:5      | Identified the +5 chain mail "Zuamae" {rElec Regen+ rCorr Dex+3} (You took it off a gnoll on level 5 of the Dungeon)
  4607 | D:6      | Reached skill level 9 in Long Blades
  4704 | D:6      | Noticed buskinjo's ghost (novice DsGl)
  4785 | D:6      | Slain by buskinjo's ghost

Skill      XL: |  1  2  3  4  5  6  7  8 |
---------------+-------------------------+-----
Long Blades    | 3 4 6 7 9 |  9.2
Shields        | 4 5 |  5.7
Fighting       | 4 |  4.7
Invocations    | 1 2 |  2.5
Armour         | |  3.2

Action                   |  1- 3 |  4- 6 |  7- 9 || total
-------------------------+-------+-------+-------++-------
Melee: Long sword        |    67 |    63 |   209 ||   339
       Kick              |    18 |    21 |    81 ||   120
       Peck              |    10 |    10 |    34 ||    54
Throw: Javelin           |       |     2 |       ||     2
Invok: Heroism           |       |       |     1 ||     1
 Abil: Fly               |       |     1 |       ||     1
  Use: Scroll            |     5 |     2 |     4 ||    11
       Potion            |     1 |     1 |       ||     2
 Stab: Sleeping          |       |     1 |     1 ||     2
  Eat: Chunk             |     2 |     4 |     6 ||    12
Armor: Scale mail        |    39 |       |       ||    39
       Ring mail         |    14 |    11 |    15 ||    40
       Chain mail        |       |       |    61 ||    61
Dodge: Dodged            |    29 |    19 |    35 ||    83
Block: Shield            |    51 |    35 |   110 ||   196
       Buckler           |     2 |       |       ||     2
       Rpst.: Long sword |    13 |     3 |     9 ||    25
